 Dungeon Crawl Stone Soup version 0.25.1-2-g60ff931df9 (webtiles) character file.

Game seed: 18062988236280835736

277463 Peloso the Hoplite (level 19, -7/177 HPs)
             Began as a Minotaur Fighter on Aug 6, 2020.
             Was the Champion of Okawaru.
             Mangled by a sphinx simulacrum (40 damage)
             ... led by a necromancer
             ... on level 2 of the Vaults.
             The game lasted 02:26:45 (44440 turns).

Peloso the Hoplite (Minotaur Fighter)              Turns: 44440, Time: 02:26:46

Health: -7/177     AC: 27    Str: 34    XL:     19   Next: 60%
Magic:  18/18      EV: 19    Int:  5    God:    Okawaru [******]
Gold:   3949       SH: 28    Dex: 12    Spells: 18/18 levels left

rFire    + . .     SeeInvis .   a - +2 double sword (freeze)
rCold    . . .     Gourm    .   c - +9 kite shield of the Land of Plenty {+Blink rF+}
rNeg     . . .     Faith    +   F - +6 chain mail of Enulin Anedy {+Fly rElec Regen+ Str+2}
rPois    +         Spirit   .   y - +5 hat of Vosyir {Str+2}
rElec    +         Reflect  .   N - scarf {+Inv}
rCorr    .         Harm     .   s - +2 pair of gloves {Str+3}
MR       +....                  h - +1 pair of boots {Fly}
Stlth    ..........             d - amulet of faith
HPRegen  0.79/turn              E - +4 ring of slaying
MPRegen  0.16/turn              e - ring "Jaxyzor" {+Inv rPois EV+4}

@: flying
A: retaliatory headbutt, horns 2, deformed body, low mp 1
}: 2/15 runes: barnacled, gossamer
a: Heroism, Finesse, Renounce Religion, Evoke Blink, Evoke Invisibility, Stop
Flying


You were on level 2 of the Vaults.
You worshipped Okawaru.
Okawaru was exalted by your worship.
You were very hungry.

You visited 8 branches of the dungeon, and saw 37 of its levels.
You also visited: Gauntlet.

You collected 5049 gold pieces.
You spent 1100 gold pieces at shops.

Inventory:

Hand Weapons
 a - a +2 double sword of freezing (weapon)
 b - a +3 scimitar of flaming
Armour
 c - the +9 kite shield of the Land of Plenty (worn) {+Blink rF+}
   (Okawaru gifted it to you on level 2 of the Orcish Mines)

   It protects you from fire.
   It lets you blink.
 h - a +1 pair of boots of flying (worn)
 s - a +2 pair of gloves of strength (worn)
 y - the +5 hat of Vosyir (worn) {Str+2}
   (Okawaru gifted it to you on level 1 of the Elven Halls)

   It affects your strength (+2).
 F - the +6 chain mail of Enulin Anedy (worn) {+Fly rElec Regen+ Str+2}
   (You found it on level 7 of the Dungeon)

   It affects your strength (+2).
   It insulates you from electricity.
   It lets you fly.
   It increases your rate of regeneration.
 N - a scarf of invisibility (worn)
Jewellery
 d - an amulet of faith (around neck)
 e - the ring "Jaxyzor" (right hand) {+Inv rPois EV+4}
   (You found it on level 2 of the Spider Nest)

   [ring of evasion]

   It affects your evasion (+4).
   It protects you from poison.
   It lets you turn invisible.
 k - an uncursed ring of protection from fire
 w - an uncursed ring of positive energy {unknown}
 E - a +4 ring of slaying (left hand)
 M - an uncursed ring of see invisible
Wands
 v - a wand of paralysis (8)
 D - a wand of digging (3)
Scrolls
 j - 5 scrolls of teleportation
 l - 2 scrolls of enchant armour
 m - 5 scrolls of fear
 o - 6 scrolls of noise
 p - 21 scrolls of remove curse
 t - 4 scrolls of blinking
 x - 5 scrolls of identify
 B - 2 scrolls of magic mapping
 G - 2 scrolls of enchant weapon
 I - a scroll of silence {unknown}
 S - 3 scrolls of summoning
Potions
 g - 14 potions of curing
 i - a potion of cancellation
 n - 4 potions of resistance
 q - 3 potions of heal wounds
 r - 5 potions of haste
 u - 2 potions of experience
 z - 4 potions of brilliance
 A - a potion of magic
 C - a potion of mutation
 H - 5 potions of might
 P - a potion of stabbing
 Q - 2 potions of berserk rage
Comestibles
 f - 63 rations


   Skills:
 + Level 17.2 Fighting
 + Level 18.8 Long Blades
 + Level 15.9 Armour
 + Level 10.0 Dodging
 + Level 2.5 Stealth
 + Level 25.0 Shields
 + Level 3.1 Invocations
 + Level 2.0 Evocations


You had 18 spell levels left.
You didn't know any spells.
Your spell library contained the following spells:

 Spells                   Type           Power        Failure   Level  Hunger
 Beastly Appendage        Tmut           #.....       82%         1    ##.....
 Foxfire                  Conj/Fire      #...         82%         1    ##.....
 Freeze                   Ice            #...         82%         1    ##.....
 Sandblast                Erth           #.....       82%         1    ##.....
 Shock                    Conj/Air       #...         82%         1    ##.....
 Summon Small Mammal      Summ           #...         82%         1    ##.....
 Blink                    Tloc           N/A          91%         2    ###....
 Call Imp                 Summ           #.......     91%         2    ###....
 Passwall                 Tmut/Erth      #.......     91%         2    ###....
 Shroud of Golubria       Chrm/Tloc      #.....       91%         2    ###....
 Sticks to Snakes         Tmut           #.......     91%         2    ###....
 Swiftness                Chrm/Air       #.......     91%         2    ###....
 Call Canine Familiar     Summ           #.......     99%         3    ####...
 Conjure Flame            Conj/Fire      #.......     99%         3    ####...
 Frozen Ramparts          Ice            #.....       99%         3    ####...
 Gell's Gravitas          Tloc           #.........   99%         3    ####...
 Inner Flame              Hex/Fire       #.......     99%         3    ####...
 Lesser Beckoning         Tloc           #.........   99%         3    ####...
 Ozocubu's Armour         Chrm/Ice       #.......     99%         3    ####...
 Spider Form              Tmut/Pois      #.........   99%         3    ####...
 Static Discharge         Conj/Air       #.......     99%         3    ####...
 Stone Arrow              Conj/Erth      #.....       99%         3    ####...
 Summon Guardian Golem    Hex/Summ       #.......     99%         3    ####...
 Teleport Other           Tloc           #.......     99%         3    ####...
 Airstrike                Air            #.........   100%        4    #####..
 Cause Fear               Hex            #.........   100%        4    #####..
 Hailstorm                Conj/Ice       #.......     100%        4    #####..
 Ice Form                 Ice/Tmut       #.......     100%        4    #####..
 Leda's Liquefaction      Hex/Erth       #.........   100%        4    #####..
 Passage of Golubria      Tloc           N/A          100%        4    #####..
 Petrify                  Tmut/Erth      #.......     100%        4    #####..
 Sticky Flame             Conj/Fire      #.......     100%        4    #####..
 Summon Ice Beast         Ice/Summ       #.......     100%        4    #####..
 Summon Lightning Spire   Summ/Air       #.......     100%        4    #####..
 Blade Hands              Tmut           #.........   100%        5    ######.
 Bolt of Magma            Conj/Fire/Erth #.........   100%        5    ######.
 Fireball                 Conj/Fire      #.........   100%        5    ######.
 Lee's Rapid Deconstruct  Erth           #.........   100%        5    ######.
 Lightning Bolt           Conj/Air       #.........   100%        5    ######.
 Silence                  Hex/Air        #.........   100%        5    ######.
 Yara's Violent Unravell  Hex/Tmut       #.........   100%        5    ######.
 Iron Shot                Conj/Erth      #.........   100%        6    #######
 Statue Form              Tmut/Erth      #........    100%        6    #######
 Dragon Form              Tmut           #.........   100%        7    #######
 Discord                  Hex            #.........   100%        8    #######
 Dragon's Call            Summ           #.........   100%        9    #######
 Shatter                  Erth           #.........   100%        9    #######


Dungeon Overview and Level Annotations

Branches:
Dungeon (15/15)            Temple (1/1) D:5            Lair (6/6) D:8
 Shoals (4/4) Lair:4       Spider (4/4) Lair:4        Slime (0/5) Lair:6
    Orc (2/2) D:11            Elf (3/3) Orc:2        Vaults (2/5) D:14
 Depths (0/5) D:15        Gauntlet (visited)
  Crypt: Vaults:2-3

Altars:
Ashenzari
Cheibriados
Dithmenos
Elyvilon
Fedhas
Gozag
Hepliaklqana
Kikubaaqudgha
Makhleb
Nemelex Xobeh
Okawaru
Qazlal
Ru
Sif Muna
Trog
Uskayaw
Vehumet
Wu Jian
Xom
Yredelemnul
Zin
The Shining One

Shops:
D:4 [   D:9 (   D:10 [*   D:11 (   D:15 *   Orc:2 ?}:(   Elf:1 [(%*(
Elf:3 }==

Annotations:
Elf:2 3 runed translucent doors


Innate Abilities, Weirdness & Mutations

You reflexively headbutt those who attack you in melee.
You have a pair of horns on your head.
Armour fits poorly on your strangely shaped body.
Your magical capacity is low. (-10% MP)


Message History

Unknown command.
You slice the vault warden simulacrum!!
The vault warden simulacrum vapourises!
Okawaru accepts your kill.
The ironheart preserver skeleton closely misses you.
The sphinx skeleton hits you but does no damage.
You block the sphinx skeleton's attack.
The sphinx skeleton hits you but does no damage.
You hit the sphinx skeleton. You headbutt the sphinx skeleton.
The sphinx skeleton is heavily damaged.
You block the ironheart preserver skeleton's attack.
Unknown command.
You slash the sphinx simulacrum!
The sphinx simulacrum is lightly damaged.
You block the sphinx skeleton's attack. x3
You block the sphinx simulacrum's attack. x2
The sphinx simulacrum hits you.
* * * LOW HITPOINT WARNING * * *
The sphinx simulacrum freezes you!!!
You die...

########################
........................
......Z.†...............
......)@########........
......ZZ# #........
........# #........
........# #........
........# #........
........# #...#####
........# #...#
........# #...# #)..#


You could see a sphinx simulacrum, a sphinx skeleton and an ironheart preserver
skeleton.

Vanquished Creatures
  Jorgrun (Spider:1)
  Ilsuiw (Shoals:3)
  A fire giant (D:11)
  4 ghost moths (Spider:4)
  An orc warlord (Orc:2)
  2 vault wardens (Vaults:1)
  2 emperor scorpions (Spider:4)
  Louise (Spider:1)
  A ghoul (Vaults:1)
  3 ironheart preservers
  A stone giant (Orc:2)
  5 very ugly things
  5 entropy weavers
  A deep elf demonologist (Elf:1)
  3 spark wasps
  A minotaur (Gauntlet)
  4 merfolk javelineers
  5 ogre magi
  Josephine (Orc:1)
  4 merfolk impalers
  2 yaktaur captains
  A rakshasa (Vaults:2)
  The ghost of jaiteiro the Archer, a journeyman CeHu of Okawaru (D:11)
  10 hydras
  A merfolk avatar (Shoals:4)
  3 vault guards (Vaults:1)
  2 catoblepae
  2 death knights
  5 centaur warriors
  7 satyrs
  21 two-headed ogres
  6 merfolk aquamancers
  An alligator snapping turtle (Shoals:3)
  16 dancing weapons
  15 death yaks
  A deep troll shaman (Lair:6)
  A tengu warrior (D:11)
  Urug (Orc:2)
  2 orc high priests
  A deep troll earth mage (Vaults:1)
  A fire crab (Lair:6)
  6 deep elf knights
  3 skeletal warriors (D:15)
  5 unseen horrors
  3 deep trolls (Vaults:1)
  14 sea snakes
  10 deep elf archers
  3 ironbrand convokers
  2 lindwurms (Lair:6)
  A phantasmal warrior (Vaults:1)
  A necromancer (Vaults:2)
  26 orb spiders
  7 harpies
  34 wolf spiders
  2 orc knights
  3 orc sorcerers
  2 cyclopes
  8 manticores
  20 fauns
  5 oklob plants
  20 ugly things
  29 deep elf magi
  2 moths of wrath
  9 elephants
  8 water nymphs
  A centaur zombie (D:15)
  4 black mambas
  5 merfolk sirens
  2 torpor snails
  4 vault sentinels (Vaults:1)
  A gargoyle (D:15)
  6 spiny frogs
  8 kobold demonologists
  3 freezing wraiths
  9 yaktaurs
  An efreet (D:11)
  18 demonic crawlers
  9 komodo dragons
  8 trolls
  44 jumping spiders
  22 merfolk
  6 polar bears
  4 tengu conjurers
  23 hornets
  A tengu simulacrum (Vaults:2)
  3 wind drakes
  3 blink frogs (Lair:6)
  6 slime creatures (Vaults:1)
  A dream sheep (shapeshifter) (D:14)
  9 snapping turtles
  3 dream sheep
  A human simulacrum (Vaults:2)
  12 hippogriffs
  5 air elementals
  9 wraiths
  A shadow (D:14)
  16 flying skulls (Gauntlet)
  2 vampires
  A spriggan (shapeshifter) (D:15)
  26 tarantellas
  9 wyverns
  99 redbacks
  13 water elementals
  2 fire elementals (Elf:1)
  A basilisk (Lair:2)
  59 yaks
  4 hogs
  3 steam dragons
  A human (D:10)
  A vampire mosquito (D:11)
  3 hungry ghosts
  A warg (Orc:1)
  6 acid dragons
  8 water moccasins
  5 porcupines
  11 black bears
  4 ice beasts
  27 orc warriors
  3 sky beasts
  3 phantoms
  10 wolves
  8 boggarts
  2 eyes of draining
  35 ogres
  16 centaurs
  11 crocodiles
  4 big kobolds
  2 earth elementals (Elf:1)
  18 bullfrogs
  2 wyvern zombies
  3 gnoll sergeants (D:8)
  8 scorpions
  7 howler monkeys
  2 electric eels
  5 crimson imps
  3 bullfrog zombies
  6 gnoll shamans
  9 hounds
  14 orc priests
  2 bullfrog skeletons
  5 centaur skeletons
  2 jellies
  24 orc wizards
  10 iguanas
  Natasha (thrice) (D:4)
  13 worker ants
  A hound skeleton (D:8)
  32 gnolls
  7 adders
  2 shadow imps
  A worker ant simulacrum (D:11)
  7 oozes
  2 adder zombies
  9 worms
  A dart slug (D:2)
  7 leopard geckos
  85 orcs
  9 giant cockroaches
  8 goblins
  12 hobgoblins
  20 jackals
  36 kobolds
  6 quokkas
  8 bats
  8 frilled lizards
  A jackal skeleton (D:7)
  A leopard gecko zombie (D:7)
  A quokka skeleton (D:4)
  4 rats (D:3)
  A spectral orc (D:6)
  A fungus (Lair:5)
  3 plants
1407 creatures vanquished.

Vanquished Creatures (others)
  A deep elf knight (Elf:1)
  A lindwurm (shapeshifter) (Elf:1)
  2 orb spiders
  A deep elf mage (Elf:1)
  A komodo dragon (Lair:6)
  A jumping spider (Spider:2)
  A water moccasin (Lair:6)
  An orc priest (Elf:2)
  An orc (Orc:2)
  A fungus (Lair:6)
  26 plants
37 creatures vanquished.

Grand Total: 1444 creatures vanquished

Notes
Turn   | Place    | Note
-------+----------+-------------------------------------------
     0 | D:1      | Peloso the Minotaur Fighter began the quest for the Orb.
     0 | D:1      | Reached XP level 1. HP: 19/19 MP: 0/0
   234 | D:1      | Reached XP level 2. HP: 24/27 MP: 1/1
   379 | D:1      | Reached skill level 4 in Shields
   677 | D:1      | Reached XP level 3. HP: 31/33 MP: 2/2
   845 | D:2      | Reached XP level 4. HP: 40/40 MP: 3/3
   897 | D:2      | Found a burning altar of Makhleb.
  1853 | D:3      | Reached XP level 5. HP: 46/47 MP: 4/4
  1932 | D:3      | Noticed an ogre
  2042 | D:3      | Killed an ogre
  2042 | D:3      | Reached skill level 5 in Armour
  2042 | D:3      | Reached skill level 1 in Dodging
  2042 | D:3      | Reached skill level 5 in Shields
  2047 | D:3      | Reached XP level 6. HP: 53/53 MP: 5/5
  2361 | D:3      | Found an opulent altar of Gozag.
  3176 | D:4      | Found Giwacs's Antique Armour Boutique.
  3254 | D:4      | Reached skill level 5 in Long Blades
  3424 | D:4      | Noticed Natasha
  3425 | D:4      | Found a shattered altar of Ashenzari.
  3435 | D:4      | Killed Natasha
  3435 | D:4      | Reached XP level 7. HP: 52/60 MP: 6/6
  3572 | D:4      | Found a shimmering altar of Xom.
  3598 | D:4      | Noticed Natasha
  3610 | D:4      | Killed Natasha
  3888 | D:4      | Noticed Natasha
  3892 | D:4      | Killed Natasha
  3926 | D:5      | Entered Level 5 of the Dungeon
  3935 | D:5      | Reached skill level 6 in Shields
  3964 | D:5      | Reached skill level 5 in Fighting
  4205 | D:5      | Found a staircase to the Ecumenical Temple.
  4217 | Temple   | Entered the Ecumenical Temple
  4584 | D:5      | Found a white marble altar of Elyvilon.
  4765 | D:5      | Reached XP level 8. HP: 65/68 MP: 7/7
  4964 | D:6      | Reached skill level 1 in Stealth
  4999 | D:6      | Found a bloodstained altar of Trog.
  5018 | D:5      | Reached skill level 7 in Shields
  5264 | D:6      | Found a sacrificial altar of Ru.
  5375 | D:6      | Found a basalt altar of Yredelemnul.
  5555 | D:7      | Got an encrusted chain mail
  5583 | D:6      | Identified the +6 chain mail of Enulin Anedy {+Fly rElec
                  | Regen+ Str+2} (You found it on level 7 of the Dungeon)
  5646 | D:7      | Found a shimmering blue altar of Sif Muna.
  5733 | D:7      | Reached skill level 8 in Shields
  5962 | D:7      | Reached XP level 9. HP: 75/75 MP: 8/8
  6152 | D:7      | Found a hide-covered altar of Uskayaw.
  6335 | D:8      | Found a huge runed translucent gate.
  6338 | D:8      | Found a huge runed translucent gate.
  6338 | D:8      | Found a huge runed translucent gate.
  6338 | D:8      | Found a huge runed translucent gate.
  6338 | D:8      | Noticed a polar bear
  6339 | D:8      | Noticed a polar bear
  6342 | D:8      | Noticed a polar bear
  6483 | D:8      | Reached skill level 9 in Shields
  7010 | D:8      | Found a staircase to the Lair.
  7019 | D:8      | Reached skill level 10 in Shields
  7088 | D:8      | Found a radiant altar of Vehumet.
  7184 | D:8      | Reached skill level 10 in Long Blades
  7184 | D:8      | Reached XP level 10. HP: 74/84 MP: 9/9
  7327 | D:7      | Identified a scroll of acquirement
  7791 | D:9      | Found a shadowy altar of Dithmenos.
  7891 | D:9      | Found an iron altar of Okawaru.
  7896 | D:9      | Became a worshipper of Warmaster Okawaru
  8023 | D:9      | Found Gycikk's Antique Weapon Shop.
  8121 | D:9      | Reached * piety under Okawaru
  8387 | D:10     | Entered Level 10 of the Dungeon
  8441 | D:10     | Found Meaw's Armour Boutique.
  8478 | D:10     | Found Oczovac's Elemental Accessories.
  8542 | D:10     | Reached skill level 11 in Shields
  8578 | D:10     | Noticed a sixfirhy
  8582 | D:10     | Noticed a deep elf mage
  8590 | D:10     | Noticed a soul eater
  8643 | D:10     | Killed a deep elf mage
  8800 | D:10     | Reached ** piety under Okawaru
  8812 | D:10     | Found a bloodstained altar of Trog.
  9083 | D:10     | Reached XP level 11. HP: 75/93 MP: 10/10
  9325 | D:11     | Noticed a red ugly thing
  9346 | D:11     | Killed a red ugly thing
  9365 | D:11     | Noticed an orc knight
  9377 | D:11     | Reached *** piety under Okawaru
  9405 | D:11     | Killed an orc knight
  9405 | D:11     | Reached skill level 12 in Shields
  9488 | D:11     | Found a staircase to the Orcish Mines.
  9488 | D:11     | Found Fiunluso's Weapon Boutique.
  9545 | D:11     | Reached **** piety under Okawaru
  9552 | D:11     | Found a transporter.
  9552 | D:11     | Noticed a fire giant
  9552 | D:11     | Noticed jaiteiro's ghost (journeyman CeHu)
  9552 | D:11     | Noticed a tengu warrior
  9586 | D:11     | Noticed a sixfirhy
  9687 | D:11     | Found a transporter.
  9715 | D:11     | Noticed a red ugly thing
  9716 | D:11     | Noticed a purple ugly thing
  9734 | D:11     | Killed a red ugly thing
  9746 | D:11     | Killed a red ugly thing
  9852 | D:11     | Killed an unseen horror
  9898 | D:11     | Identified the cursed +0 chain mail of the Miller {rPois
                  | rC- rCorr}
  9914 | D:11     | Noticed a two-headed ogre
  9915 | D:11     | Noticed a two-headed ogre
  9925 | D:11     | Killed a two-headed ogre
  9925 | D:11     | Received a gift from Okawaru
  9925 | D:11     | Reached skill level 10 in Armour
  9930 | D:11     | Killed a two-headed ogre
  9988 | D:11     | Noticed a red ugly thing
  9989 | D:11     | Reached ***** piety under Okawaru
 10151 | D:11     | Received a gift from Okawaru
 10491 | D:11     | Reached skill level 1 in Invocations
 10569 | D:12     | Reached skill level 13 in Shields
 10625 | D:12     | Noticed a deep elf mage
 10638 | D:12     | Noticed a red ugly thing
 10666 | D:12     | Killed a red ugly thing
 10680 | D:12     | Killed a deep elf mage
 10680 | D:12     | Received a gift from Okawaru
 10680 | D:12     | Reached XP level 12. HP: 45/104 MP: 11/11
 11002 | D:12     | Received a gift from Okawaru
 12153 | Lair:1   | Entered Level 1 of the Lair of Beasts
 12229 | Lair:1   | Reached skill level 5 in Dodging
 12272 | Lair:1   | Noticed a seven-headed hydra
 12507 | Lair:1   | Killed a seven-headed hydra
 12790 | Lair:1   | Reached skill level 1 in Evocations
 12814 | Lair:1   | Reached skill level 14 in Shields
 13453 | Lair:1   | Acquired 2070 gold pieces
 13761 | D:7      | Reached skill level 10 in Fighting
 14029 | D:11     | Killed a fire giant
 14039 | D:11     | Killed jaiteiro's ghost
 14039 | D:11     | Reached XP level 13. HP: 113/113 MP: 6/13
 14392 | Lair:2   | Reached skill level 15 in Shields
 14434 | Lair:2   | Reached ****** piety under Okawaru
 14442 | Lair:2   | Received a gift from Okawaru
 15579 | Lair:3   | You fall into a shaft and drop 3 floors!
 15579 | Lair:6   | Entered Level 6 of the Lair of Beasts
 15683 | Lair:5   | Found a runed translucent door.
 16074 | Lair:5   | Reached skill level 16 in Shields
 16196 | Lair:5   | Received a gift from Okawaru
 16204 | Lair:5   | Got an iridescent demon trident {god gift}
 16207 | Lair:5   | Identified the +0 demon trident of the Shining Light {pain,
                  | rF- rC+ Int+2} (Okawaru gifted it to you on level 5 of the
                  | Lair of Beasts)
 16850 | Lair:4   | Found a staircase to the Shoals.
 17265 | Lair:4   | Reached XP level 14. HP: 124/124 MP: 14/14
 17564 | Lair:4   | Found a hole to the Spider Nest.
 18072 | Lair:6   | Found a staircase to the Slime Pits.
 18090 | Lair:6   | Received a gift from Okawaru
 18090 | Lair:6   | Reached skill level 15 in Long Blades
 18207 | Lair:6   | Reached skill level 17 in Shields
 19296 | Lair:6   | Received a gift from Okawaru
 19328 | Lair:6   | Got a translucent lajatang {god gift}
 19452 | Lair:6   | Identified the +1 lajatang of Zolucicid {drain, rC+ Dex+3}
                  | (Okawaru gifted it to you on level 6 of the Lair of Beasts)
 20491 | Lair:6   | HP: 2/127 [acid (14)]
 21053 | Orc:1    | Entered Level 1 of the Orcish Mines
 21577 | Orc:2    | Entered Level 2 of the Orcish Mines
 21612 | Orc:1    | Received a gift from Okawaru
 21665 | Orc:1    | Reached skill level 18 in Shields
 21682 | Orc:2    | Found a staircase to the Elven Halls.
 21770 | Orc:2    | Paralysed by an ogre mage for 7 turns
 21820 | Orc:1    | Reached XP level 15. HP: 95/134 MP: 15/15
 22047 | Orc:2    | Received a gift from Okawaru
 22050 | Orc:2    | Found Fan Suli's Magic Scroll Emporium.
 22050 | Orc:2    | Found Dusuighy's Gadget Shop.
 22058 | Orc:2    | Got an ancient kite shield {god gift}
 22069 | Orc:2    | Identified the +9 kite shield of the Land of Plenty {+Blink
                  | rF+} (Okawaru gifted it to you on level 2 of the Orcish
                  | Mines)
 22070 | Orc:2    | Found Kaiclap's Book Shop.
 22070 | Orc:2    | Found Qedux's Antique Weapon Shoppe.
 22077 | Orc:2    | Bought a scroll of magic mapping for 59 gold pieces
 22077 | Orc:2    | Bought a scroll of magic mapping for 59 gold pieces
 22248 | Orc:2    | Noticed an orc warlord
 22270 | Orc:2    | Killed an orc warlord
 22516 | Orc:2    | Noticed Urug
 22525 | Orc:2    | Killed Urug
 22762 | Orc:1    | Noticed Josephine
 22770 | Orc:1    | Killed Josephine
 23236 | D:13     | Reached skill level 19 in Shields
 23604 | D:13     | Found a shimmering altar of Xom.
 23905 | D:14     | Found a gate leading to a gauntlet.
 23922 | Gauntlet | Entered a Gauntlet
 23922 | Gauntlet | Found a transporter.
 23922 | Gauntlet | Found a transporter.
 23928 | Gauntlet | Found a transporter.
 23931 | Gauntlet | Found a transporter.
 23931 | Gauntlet | Found a transporter.
 23934 | Gauntlet | Found a transporter.
 23975 | Gauntlet | Found a transporter.
 23978 | Gauntlet | Found a transporter.
 23978 | Gauntlet | Found a transporter.
 23997 | Gauntlet | Found a transporter.
 24009 | Gauntlet | Found a runed translucent gate.
 24010 | Gauntlet | Found a transporter.
 24010 | Gauntlet | Found a runed translucent gate.
 24011 | Gauntlet | Found a runed translucent gate.
 24036 | Gauntlet | Found a transporter.
 24041 | Gauntlet | Found a transporter.
 24089 | Gauntlet | Found a transporter.
 24280 | Gauntlet | Got a flickering lapis lazuli ring
 24282 | Gauntlet | Lost intelligence.
 24282 | Gauntlet | Identified the ring of Ritipnu {+Fly Int-5 Dex+8} (You
                  | found it in a Gauntlet)
 24324 | Gauntlet | Identified the cursed ring of the Failed Coup {Str+6 Dex-4}
 24336 | Gauntlet | Got a slimy ivory ring
 24338 | Gauntlet | Identified the ring of Yesterday {MP+9 Str+2} (You found it
                  | in a Gauntlet)
 24572 | D:14     | Found the +10 Black Knight's horse barding {ponderous,
                  | rPois rN+}
 24870 | D:14     | Found a gate to the Vaults.
 24883 | D:14     | Received a gift from Okawaru
 25790 | D:15     | Entered Level 15 of the Dungeon
 26042 | D:15     | Reached XP level 16. HP: 101/144 MP: 17/17
 26567 | D:15     | Found Zeplegh's General Store.
 26591 | D:15     | Bought a scroll of blinking for 150 gold pieces
 26591 | D:15     | Bought a scroll of holy word for 150 gold pieces
 26591 | D:15     | Bought a +1 pair of boots of flying for 330 gold pieces
 26613 | D:15     | Reached skill level 20 in Shields
 26735 | D:15     | Found a staircase to the Depths.
 26837 | D:15     | Received a gift from Okawaru
 26902 | D:15     | Found an ancient bone altar of Kikubaaqudgha.
 27982 | Shoals:1 | Entered Level 1 of the Shoals
 28686 | Shoals:1 | Received a gift from Okawaru
 28689 | Shoals:1 | Got a jewelled hat {god gift}
 28695 | Shoals:1 | Identified the -1 hat "Voink" {+Blink Int-5 Dex+8} (Okawaru
                  | gifted it to you on level 1 of the Shoals)
 28695 | Shoals:1 | Lost intelligence.
 30438 | Spider:1 | Entered Level 1 of the Spider Nest
 30504 | Spider:1 | Reached skill level 21 in Shields
 30754 | Spider:1 | Received a gift from Okawaru
 31007 | Spider:1 | Noticed Louise
 31058 | Spider:1 | Killed Louise
 31508 | Spider:1 | Noticed Jorgrun
 31537 | Spider:1 | Killed Jorgrun
 31537 | Spider:1 | Reached XP level 17. HP: 49/154 MP: 18/18
 31711 | Spider:1 | Received a gift from Okawaru
 32472 | Spider:2 | Got a brightly glowing amber ring
 32531 | Spider:1 | Identified the ring "Jaxyzor" {+Inv rPois EV+4} (You found
                  | it on level 2 of the Spider Nest)
 33054 | Spider:2 | Reached skill level 22 in Shields
 33137 | Spider:2 | Reached skill level 15 in Fighting
 33425 | Elf:1    | Entered Level 1 of the Elven Halls
 33462 | Elf:1    | Received a gift from Okawaru
 33909 | Elf:1    | Found Reusuk's Weapon Emporium.
 33920 | Elf:1    | Found Rawk's Weapon Boutique.
 33923 | Elf:1    | Found Ytaoseus's Armour Boutique.
 34030 | Elf:1    | Found Kaduqueq's Food Emporium.
 34030 | Elf:1    | Found Ujathreyj's Assorted Antiques.
 34089 | Elf:1    | Noticed a Brimstone Fiend
 34093 | Elf:1    | Gained mutation: Armour fits poorly on your strangely
                  | shaped body. [a cacodemon]
 34100 | Elf:1    | Gained mutation: Your magical capacity is low. (-10% MP) [a
                  | cacodemon]
 34371 | Elf:1    | Received a gift from Okawaru
 34371 | Elf:1    | Reached skill level 15 in Armour
 34468 | Elf:1    | Received a gift from Okawaru
 34490 | Elf:1    | Got a smoking hat {god gift}
 34504 | Elf:1    | Identified the +5 hat of Vosyir {Str+2} (Okawaru gifted it
                  | to you on level 1 of the Elven Halls)
 34616 | Elf:1    | You fall into a shaft and drop 1 floor!
 34623 | Elf:2    | Found a huge runed translucent gate.
 34623 | Elf:2    | Found a huge runed translucent gate.
 34623 | Elf:2    | Found a huge runed translucent gate.
 35337 | Elf:3    | Entered Level 3 of the Elven Halls
 35356 | Elf:3    | Found Imax's Jewellery Shop.
 35357 | Elf:3    | Found Idupnur's Gadget Shoppe.
 35358 | Elf:3    | Found Kapnugef's Jewellery Shop.
 35365 | Elf:3    | Bought a wand of digging (7) for 352 gold pieces
 36163 | Spider:3 | Reached XP level 18. HP: 163/165 MP: 17/17
 36277 | Spider:3 | Received a gift from Okawaru
 36282 | Spider:3 | Got a smoking hand crossbow {god gift}
 36283 | Spider:3 | Identified the +6 hand crossbow of Okawaru's Reproof
                  | {freeze, rElec rPois Int-5 Stlth+} (Okawaru gifted it to
                  | you on level 3 of the Spider Nest)
 36499 | Spider:3 | Reached skill level 23 in Shields
 36886 | Spider:4 | Entered Level 4 of the Spider Nest
 37373 | Spider:4 | Received a gift from Okawaru
 37764 | Spider:4 | Got a gossamer rune of Zot
 38538 | Shoals:3 | Noticed Ilsuiw
 38586 | Shoals:3 | Killed Ilsuiw
 38586 | Shoals:3 | Reached skill level 24 in Shields
 38886 | Shoals:2 | Received a gift from Okawaru
 38901 | Shoals:2 | Got a transparent plate armour {god gift}
 38912 | Shoals:2 | Identified the +4 plate armour of Bapon {+Fly Regen+
                  | Stlth+} (Okawaru gifted it to you on level 2 of the Shoals)
 40446 | Shoals:4 | Entered Level 4 of the Shoals
 41204 | Shoals:4 | Identified the +3 hand axe of Abomination {elec, Fragile
                  | Dex+6}
 41230 | Shoals:4 | Reached XP level 19. HP: 174/174 MP: 18/18
 42162 | Shoals:4 | Got a barnacled rune of Zot
 42523 | Vaults:1 | Entered Level 1 of the Vaults
 42531 | Vaults:1 | Identified the cursed +1 chain mail of Awe {+Fly MR- Dex-5
                  | Stlth+} (You found it on level 1 of the Vaults)
 42587 | Vaults:1 | Received a gift from Okawaru
 42946 | Vaults:1 | Received a gift from Okawaru
 44381 | Vaults:2 | Reached skill level 10 in Dodging
 44424 | Vaults:2 | Reached skill level 25 in Shields
 44440 | Vaults:2 | Mangled by a sphinx simulacrum

Illustrated notes

Levels and vault maps discovered:
D:1:      dpeg_arrival_lava_temple_mockup, layout_rooms, lemuel_another_geyser
D:2:      minmay_razor_zed, layout_rooms, bloody_makhleb
D:3:      cheibrodos_helix_gallery, layout_loops_ring, grunt_gozag_breadcrumbs,
          nicolae_underground_beach
D:4:      cheibrodos_quashed, layout_rooms, kennysheep_mini_moat,
          cheibrodos_ashenzari_chains, serial_glass, glass_columns_c,
          glass_columns_b, minmay_strange_pillars, feat_on_display,
          due_unseen_surprise, feat_on_display, serial_shops,
          nicolae_shop_overgrown_old_shop, uniq_natasha
D:5:      layout_cave_pools, minmay_temple_entry_tees, first_ration,
          elyvilon_altar_1
D:6:      layout_rooms, yredelemnul_forgotten_temple_becter, old_standard_altar,
          trog_ov_bears_minmay
D:7:      layout_cave_pools, eat_drink_and_be_merry_uskayaw,
          overflow_temple_1_default
D:8:      lemuel_bear_cage, layout_cave_pools, vehumet_altar_wand_db,
          grunt_lair_entry_orc_guard_hut, serial_gnoll_camp,
          gnoll_camp_mini_hut, gnoll_camp_huts_basic, gnoll_camp_medium_02,
          gnoll_camp_mini_hut, gnoll_camp_mini_house
D:9:      layout_cave_pools, grunt_dithmenos_smoke, lemuel_doored_altar,
          serial_shops, shop_statue, serial_park
D:10:     layout_loops_ring, serial_shops, nicolae_shop_waterfront, basic_altar,
          grunt_livestock, nicolae_elemental_shop
D:11:     layout_loops_cross, orc_david_3, gammafunk_ghost_arena, kb_rosetta
D:12:     layout_stronghold, minmay_tree_intersection
D:13:     layout_loops_cross, xom_teletrap_fun
D:14:     layout_loops_ring, skrybe_vaults_entry_preservation,
          small_statue_intersection, gauntlet_entry_generic, kennysheep_dice
D:15:     grunt_enter_depths_snipers, layout_cave_pods, minmay_misc_feat_rows,
          basic_altar, serial_shops, shop, nrook_loot_triangle, st_stairs_5,
          drop_trap
Temple:   minmay_temple_curvy_loop
Lair:1:   layout_cave_pods, serial_bayou_lagoon_a
Lair:2:   layout_roguey, grunt_megastairs_1
Lair:3:   layout_roguey, grunt_megastairs_2
Lair:4:   layout_regular_city, minmay_shoals_entry_lonely_mermaid,
          nicolae_spider_entry_non_spiders, cheibrodos_lair_lostbears,
          lemuel_fruit_tree, serial_bayou_shore_a
Lair:5:   beast_lair_carwin_large_1, layout_hall_layers,
          chequers_serial_rivers_room_a, pf_torpor_hydra
Lair:6:   grunt_lair_end_beastmaster, layout_cave_pods,
          nicolae_slime_entry_slimehenge, minmay_lair_oklob_chamber
Shoals:1: layout_shoals
Shoals:2: layout_shoals
Shoals:3: layout_shoals, uniq_ilsuiw
Shoals:4: shoals_end_grunt_garden, layout_shoals, shoals_ilsuiw_ice
Spider:1: layout_spider_delve, drop_trap, nicolae_spider_shape, uniq_jorgrun,
          uniq_louise
Spider:2: layout_spider_delve, hive_lemuel
Spider:3: layout_spider_delve
Spider:4: spider_rune_water
Orc:1:    layout_caves, uniq_josephine
Orc:2:    st_orc_ogre_mass, layout_caves, uniq_urug
Elf:1:    elf_arrival_002, layout_geoelf_diagonals, serial_shops, shop,
          nicolae_shop_trees, nicolae_shop_temple_entry_statues_fountains,
          nicolae_shop_statue_plus, nicolae_shop_trees, minivault_28
Elf:2:    layout_loops_corners
Elf:3:    minmay_elf_hall, layout_loops_ring, minmay_shop_grove
Vaults:1: v_misc_4, ontoclasm_vaults_tryst,
          vaults_standard_mumra_enter_the_diamond, ontoclasm_vaults_bender,
          nicolae_vaults_shelves_hall, layout_vaults_omnigrid
Vaults:2: v_misc_19, hangedman_vaults_unwind, minmay_crypt_entry_simple_walls,
          nicolae_vaults_mini_display_case, nicolae_vaults_display_case,
          v_misc_13, hangedman_vaults_trim, hangedman_vaults_capsules,
          layout_vaults_chaotic_city, serial_shops, shop

Skill      XL: |  1  2  3  4  5  6  7  8  9 10 11 12 13 14 15 16 17 18 19 |
---------------+----------------------------------------------------------+-----
Armour         | 4 5 6 7 8 9 10 11 12 13 14 15 | 15.9
Fighting       | 4 5 6 7 9 10 11 12 13 14 15 16 17 | 17.2
Shields        | 4 5 6 8 10 11 13 14 16 18 19 21 22 24 25 | 25.0
Long Blades    | 3 4 5 6 8 10 11 13 14 15 16 17 18 | 18.8
Dodging        | 1 2 3 4 5 6 7 8 9 10 | 10.0
Stealth        | 1 2 |  2.5
Invocations    | 1 2 3 |  3.1
Evocations     | 1 2 |  2.0

Action                   |  1- 3 |  4- 6 |  7- 9 | 10-12 | 13-15 | 16-18 | 19-21 || total
-------------------------+-------+-------+-------+-------+-------+-------+-------++-------
Melee: Long sword        |    48 |   219 |   463 |   914 |    17 |       |       ||  1661
       Headbutt          |     8 |    57 |    92 |   257 |   366 |   457 |   109 ||  1346
       Scimitar          |       |       |       |       |  1231 |   421 |       ||  1652
       Double sword      |       |       |       |       |       |  1211 |   323 ||  1534
Invok: Heroism           |       |       |       |    17 |    24 |     5 |       ||    46
       Finesse           |       |       |       |     1 |     1 |       |       ||     2
 Abil: Evoke Flight      |       |       |       |       |     2 |       |       ||     2
Evoke: Wand              |       |       |       |    20 |     4 |     7 |       ||    31
  Use: Scroll            |     5 |       |     3 |     9 |    15 |    11 |     1 ||    44
       Potion            |     2 |     1 |       |     3 |       |     8 |       ||    14
 Stab: Petrified         |       |       |       |       |     1 |       |       ||     1
       Distracted        |       |       |       |       |       |     1 |       ||     1
  Eat: Chunk             |       |     8 |    19 |    22 |    26 |    44 |     9 ||   128
       Ration            |       |       |       |       |     4 |     2 |       ||     6
Armor: Scale mail        |    31 |    47 |       |       |       |       |       ||    78
       Chain mail        |       |    43 |   184 |   417 |   446 |   611 |    71 ||  1772
       Plate armour      |       |       |   123 |       |       |       |       ||   123
       Acid dragon scale |       |       |       |       |       |     2 |       ||     2
Dodge: Dodged            |    21 |    65 |   177 |   269 |   322 |   706 |   153 ||  1713
Block: Kite shield       |    37 |   122 |   416 |   382 |   456 |  2261 |   441 ||  4115
       Tower shield      |       |       |       |   371 |   944 |   157 |       ||  1472
       Rpst.: Long sword |     6 |    20 |    50 |    48 |     1 |       |       ||   125
       Scimitar          |       |       |       |       |    63 |    13 |       ||    76
       Double sword      |       |       |       |       |       |    89 |    24 ||   113
